 Dungeon Crawl Stone Soup version 0.28.0-49-g6dfe1f597d (webtiles) character file.

Game seed: 13401087618591335312

4055 CryoSword the Spear-Bearer (level 10, -1/83 HPs)
             Began as a Ghoul Fighter on May 12, 2022.
             Was an Initiate of Ru.
             Killed from afar by Harold (6 damage)
             ... with a harpoon shot
             ... on level 7 of the Dungeon.
             The game lasted 00:17:45 (10076 turns).

CryoSword the Spear-Bearer (Ghoul Fighter)         Turns: 10076, Time: 00:17:46

Health: -1/83      AC: 21    Str: 21    XL:     10   Next: 25%
Magic:  9/9        EV: 10    Int:  5    God:    Ru [......]
Gold:   83         SH:  5    Dex: 10    Spells: 9/9 levels left

rFire   . . .      SeeInvis .   w - +2 war axe (elec)
rCold   + . .      Faith    .   c - +0 buckler
rNeg    + + +      Spirit   .   b - +0 scale mail
rPois   ∞          Reflect  .   j - +1 helmet
rElec   .          Harm     .   f - +1 cloak
rCorr   .          Rampage  .   D - +0 pair of gloves
Will    .....                   (no boots)
Stlth   +.........              (no amulet)
HPRegen 0.00/turn               n - +4 ring of protection
MPRegen 0.11/turn               H - +4 ring of protection

@: marked, inhibited regen, invisible
A: claws 1, cold resistance 1, negative energy resistance 3, inhibited
regeneration, torment resistance 2
a: Renounce Religion


You were on level 7 of the Dungeon.
You worshipped Ru.
Ru was noncommittal.
You visited 2 branches of the dungeon, and saw 9 of its levels.
You also visited: Sewer.

You collected 444 gold pieces.
You spent 361 gold pieces at shops.

Inventory:

Hand Weapons
 w - a +2 war axe of electrocution (weapon)
   (You took it off an orc on level 8 of the Dungeon)
 L - a +2 whip of electrocution
   (You took it off an orc priest on level 8 of the Dungeon)
Missiles
 p - 40 poisoned darts
 u - 6 javelins
 K - 2 throwing nets
Armour
 b - a +0 scale mail (worn)
 c - a +0 buckler (worn)
 f - a +1 cloak (worn)
   (You found it on level 1 of the Dungeon)
 j - a +1 helmet (worn)
   (You found it on level 2 of the Dungeon)
 D - a +0 pair of gloves (worn)
   (You found it on level 6 of the Dungeon)
Jewellery
 a - an amulet of magic regeneration
   (You found it on level 8 of the Dungeon)
 n - a +4 ring of protection (left hand)
   (You found it on level 3 of the Dungeon)
 o - a ring of resist corrosion
   (You found it on level 4 of the Dungeon)
 x - a ring of protection from cold
   (You found it on level 5 of the Dungeon)
 H - a +4 ring of protection (right hand)
   (You found it on level 7 of the Dungeon)
Wands
 t - a wand of charming (4)
   (You found it on level 5 of the Dungeon)
 E - a wand of mindburst (13)
   (You found it on level 6 of the Dungeon)
 J - a wand of iceblast (9) (quivered)
   (You found it on level 7 of the Dungeon)
Scrolls
 e - 3 scrolls of amnesia {unknown}
 g - 5 scrolls of teleportation {@r4}
 k - 2 scrolls of enchant armour
 l - 3 scrolls of silence
 y - 2 scrolls of magic mapping
 A - 3 scrolls of identify {@r1}
 G - a scroll of vulnerability {unknown}
Potions
 d - a potion of invisibility
 h - 2 potions of magic
 i - 5 potions of flight
 m - a potion of curing {unknown}
 q - a potion of haste {unknown}
 r - a potion of cancellation {unknown}
 s - 2 potions of resistance {unknown}
 z - a potion of degeneration {unknown}
 B - a potion of attraction {unknown}
 C - a potion of lignification {unknown}
 F - a potion of heal wounds {unknown}
 I - a potion of might


   Skills:
 + Level 5.9 Fighting
 * Level 1.2(5.4) Axes
 - Level 8.5(8.6) Polearms
 + Level 5.1 Armour
 + Level 4.0 Dodging
 + Level 4.9 Stealth
 + Level 6.5 Shields


You had 9 spell levels left.
You didn't know any spells.
Your spell library contained the following spells:

 Spells                   Type           Power      Damage    Failure   Level
 Animate Skeleton         Necr           0%         N/A       86%         1
 Apportation              Tloc           0%         N/A       86%         1
 Summon Small Mammal      Summ           0%         N/A       86%         1
 Ensorcelled Hibernation  Hex/Ice        0%         N/A       95%         2
 Passwall                 Tmut/Erth      0%         N/A       95%         2
 Call Canine Familiar     Summ           0%         N/A       99%         3
 Summon Guardian Golem    Hex/Summ       0%         N/A       99%         3
 Swiftness                Air            0%         N/A       99%         3


Dungeon Overview and Level Annotations

Branches:
Dungeon (8/15)             Temple (1/1) D:7           Sewer (visited)
   Lair: D:8-11

Altars:
Ashenzari
Cheibriados
Dithmenos
Elyvilon
Fedhas
Gozag
Hepliaklqana
Kikubaaqudgha
Makhleb
Nemelex Xobeh
Okawaru
Ru
Sif Muna
Trog
Uskayaw
Wu Jian
Yredelemnul
The Shining One

Shops:
D:3 :**?(   D:4 (   D:6 *:*:

Annotations:
D:6 1 runed translucent door, Crazy Yiuf
D:7 Harold


Innate Abilities, Weirdness & Mutations

You thrive by killing the living.
You are immune to poison.
You have sharp fingernails.
Your flesh is cold resistant. (rC+)
You are immune to negative energy. (rN+++)
You do not regenerate when monsters are visible.
You are immune to unholy pain and torment.


Message History

The five-headed hydra bites you!
* * * LOW HITPOINT WARNING * * *
The five-headed hydra bites you but does no damage. x2
You block the five-headed hydra's attack.
The five-headed hydra closely misses you.
Things that are here:
a +0 trident; an orc corpse
Things that are here:
a +0 hand axe; a +0 chain mail You see here 32 stones.
There is a stone staircase leading down here.
Things that are here:
a +0 dagger; a +0 robe; an orc skeleton
There is a stone staircase leading up here.
You climb upwards.
There is a stone staircase leading down here.
There is a staircase to the Ecumenical Temple here.
You see here a wand of polymorph (7).
There is a stone staircase leading down here.
You start resting.
You climb downwards.
Found a worn bronze wand.
There is a stone staircase leading up here.
Aim: Maurice, wielding a +0 dagger, wearing a +1 cloak and carrying a wand of polymorph (5) (asleep)
The mass of ice explodes!
The iceblast engulfs Maurice!
Maurice shouts!
Aim: Maurice, wielding a +0 dagger, wearing a +1 cloak and carrying a wand of polymorph (5) (moderately wounded)
The mass of ice explodes!
The iceblast engulfs Maurice!
Aim: Maurice, wielding a +0 dagger, wearing a +1 cloak and carrying a wand of polymorph (5) (heavily wounded)
Okay, then.
You hit Maurice.
Maurice zaps a wand.
Your +2 whip of electrocution stops crackling.
You hear the crackle of electricity.
w - a +2 war axe of electrocution (weapon)
You closely miss Maurice. Maurice hits you but does no damage.
You hit Maurice. Lightning courses through Maurice!
Maurice gestures wildly while chanting.
Maurice blinks!
Maurice casts a spell.
Maurice flickers and vanishes!
Deactivating autopickup; reactivate with Ctrl-A.
The mass of ice explodes!
The iceblast engulfs something!
Reactivating autopickup.
You feel a bit more experienced.
Your base Axes skill increases to level 1!
Harold the Weathered comes into view.
He is wielding a +0 mace, wearing a +3 scale mail of cold resistance and carrying a wand of paralysis (6).
Harold zaps a wand.
You suddenly lose the ability to move!
Harold casts a spell at you. A sentinel's mark forms upon you.
A steam dragon comes into view.
Harold fires a harpoon shot at you. The harpoon shot hits you.
You are yanked forward by the harpoon shot.
You can move again.
Found a ring mail.
You slash Harold!
Harold zaps a wand.
You easily resist.
Unknown command.
You barely miss Harold.
Harold zaps a wand.
You easily resist.
Here: Harold, wielding a +0 mace, wearing a +3 scale mail of cold resistance, quivering 4 throwing nets and carrying a wand of paralysis (3) (lightly wounded)
The floor, spattered with blood.
Unknown command.
You closely miss Harold. Harold hits you but does no damage.
You slash Harold! Harold hits you with a +0 mace. Harold completely misses you.
You slash Harold! Lightning courses through Harold!
The steam dragon breathes steam at you. The ball of steam hits you!
Harold completely misses you.
You are engulfed in a cloud of scalding steam.
Harold gestures at you while chanting. The mark upon you grows brighter.
You completely miss the steam dragon. You block the steam dragon's attack.
The steam dragon claws you but does no damage.
The steam dragon bites you but does no damage.
The steam dragon claws you but does no damage.
You hit the steam dragon.
Lightning courses through the steam dragon!
You hit Harold but do no damage.
Harold is engulfed in a cloud of scalding steam.
Harold zaps a wand.
You suddenly lose the ability to move!
The steam dragon bites you but does no damage.
The steam dragon claws you but does no damage.
Harold hits you but does no damage.
The steam dragon bites you but does no damage.
The steam dragon claws you but does no damage.
Harold hits you with a +0 mace.
The steam dragon bites you but does no damage.
The steam dragon completely misses you. Harold hits you with a +0 mace.
A steam dragon comes into view.
The steam dragon breathes steam at you. The ball of steam hits you.
You are engulfed in a cloud of scalding steam.
Harold hits you with a +0 mace!
The steam dragon bites you but does no damage.
The steam dragon claws you but does no damage.
You are engulfed in a cloud of scalding steam.
Harold points at you and mumbles some strange words.
The mark upon you grows brighter. The steam dragon bites you.
* * * LOW HITPOINT WARNING * * *
The steam dragon claws you but does no damage.
Harold hits you with a +0 mace!
* * * LOW HITPOINT WARNING * * *
The steam dragon bites you!
* * * LOW HITPOINT WARNING * * *
The steam dragon claws you.
* * * LOW HITPOINT WARNING * * *
You can move again.
Blink to where?
Okay, then.
You fade into invisibility!
Harold hits you but does no damage. The steam dragon closely misses you.
The steam dragon claws you but does no damage.
Blink to where?
As you read the scroll of blinking, it crumbles to dust.
You slash the steam dragon!
You kill the steam dragon!
The steam dragon scales are intact enough to wear.
Harold zaps a wand.
You shrug off the repeated paralysis!
Your Dodging skill increases to level 4!
Harold barely misses you.
You climb upwards.
There is a stone staircase leading down here.
You closely miss Harold.
Harold zaps a wand.
You easily resist.
The now-empty wand crumbles to dust.
You slash Harold! Harold hits you with a +0 mace!
* * * LOW HITPOINT WARNING * * *
Harold throws a throwing net.
The throwing net barely misses you.
Harold throws a throwing net.
The throwing net hits you.
You become entangled in the net!
You see here a throwing net.
You struggle against the net.
You tear a large gash into the net.
You rip the net and break free!
Harold hits you but does no damage. Harold gestures at you while chanting.
You barely resist.
Aim: Harold, wielding a +0 mace, wearing a +3 scale mail of cold resistance and quivering 2 throwing nets (severely wounded)
The mass of ice explodes!
The iceblast engulfs Harold!
Harold partially resists.
Harold fires a harpoon shot at you. The harpoon shot hits you.
You die...

#.##...####.###....#.............
.#####..##..# ##................#
## ##....## #...#.#.#......... #
##...## #..........#...... #
##...####...#.#.#.#......# #
##.....#................## #
#..##.......#.#.#.......# ##
##..####...........##...##
.######..## ##.@.....######..#
.........# #..#####..# ##.##
.........#####@## ##.## #..#
#####......##.(# #..# #..##
#.......>..## ##.#####....
##..###./##..# #..##.....#
##..####.####.## ##.......##
##..## #..# ##.#######.......#
##...# #.## ##..............##


You could see Harold.

Vanquished Creatures
  Pikel (D:5)
  Maurice (D:8)
  Grinder (Sewer)
  2 steam dragons (D:8)
  Edmund (D:5)
  2 water moccasins
  A sky beast (D:6)
  2 ogres (D:6)
  2 ice beasts
  4 necrophages
  A phantom (Sewer)
  2 kobold brigands (Sewer)
  2 bullfrogs (D:6)
  A wyvern zombie (D:8)
  A scorpion (D:7)
  A jelly (D:6)
  5 wights (D:6)
  2 howler monkeys (D:7)
  2 orc priests
  3 hounds
  2 bullfrog skeletons
  A gnoll shaman (D:5)
  4 iguanas
  Natasha (thrice) (D:3)
  6 orc wizards
  A howler monkey skeleton (D:7)
  7 gnolls
  9 adders
  4 shadow imps
  A white imp (D:6)
  5 ufetubi
  3 worms
  A dart slug (D:1)
  20 orcs
  7 endoplasms
  4 giant cockroaches
  9 goblins
  6 hobgoblins
  4 quokkas
  8 ball pythons
  7 bats
  3 frilled lizards
  22 kobolds
  A kobold zombie (Sewer)
  5 rats
180 creatures vanquished.

Vanquished Creatures (others)
  A human (D:4)
1 creature vanquished.

Grand Total: 181 creatures vanquished

Notes
Turn   | Place    | Note
-------+----------+-------------------------------------------
     0 | D:1      | CryoSword the Ghoul Fighter began the quest for the Orb.
     0 | D:1      | Reached XP level 1. HP: 19/19 MP: 0/0
    84 | D:1      | Reached skill level 2 in Polearms
   215 | D:1      | You fall into a shaft and drop 1 floor!
   318 | D:1      | Reached XP level 2. HP: 26/26 MP: 1/1
   883 | D:2      | Reached XP level 3. HP: 31/31 MP: 2/2
   912 | D:2      | Found a faded altar of an unknown god.
  1115 | D:2      | Reached skill level 3 in Polearms
  1640 | D:2      | Reached XP level 4. HP: 38/38 MP: 3/3
  1821 | D:3      | Noticed Natasha
  1841 | D:3      | Killed Natasha
  1850 | D:3      | Noticed Natasha
  1853 | D:3      | Found Daulimis's General Store.
  2054 | D:3      | Found Toaff's Book Shop.
  2110 | D:3      | Found Pieci's Magic Scroll Emporium.
  2160 | D:3      | Found a glowing drain.
  2186 | Sewer    | Entered a sewer
  2240 | Sewer    | Reached XP level 5. HP: 42/45 MP: 4/4
  2420 | Sewer    | Found an ancient bone altar of Kikubaaqudgha.
  2420 | Sewer    | Noticed a kobold brigand
  2425 | Sewer    | Reached skill level 4 in Polearms
  2429 | Sewer    | Killed a kobold brigand
  2439 | Sewer    | Noticed Grinder
  2446 | Sewer    | Paralysed by Grinder for 5 turns
  2454 | Sewer    | Paralysed by Grinder for 6 turns
  2462 | Sewer    | Killed Grinder
  2463 | Sewer    | Reached skill level 5 in Polearms
  2463 | Sewer    | Reached XP level 6. HP: 42/51 MP: 5/5
  2544 | Sewer    | Reached XP level 7. HP: 42/57 MP: 6/6
  2989 | D:3      | Bought a scroll of identify for 20 gold pieces
  2989 | D:3      | Bought a scroll of blinking for 75 gold pieces
  3017 | D:3      | Bought a scroll of noise for 12 gold pieces
  3045 | D:3      | Bought a scroll of immolation for 35 gold pieces
  3131 | D:3      | Found Lofecit's Weapon Shoppe.
  3141 | D:3      | Killed Natasha
  3142 | D:3      | Reached skill level 6 in Polearms
  3370 | D:3      | Found Irekk's General Store.
  3419 | D:3      | Noticed Natasha
  3430 | D:3      | Killed Natasha
  3817 | D:4      | Found an opulent altar of Gozag.
  3831 | D:4      | Found an ancient bone altar of Kikubaaqudgha.
  3856 | D:4      | Reached skill level 5 in Shields
  3919 | D:4      | Noticed a human
  3922 | D:4      | Killed a human
  3924 | D:4      | Found Qywutt's Weapon Shop.
  4397 | D:4      | Found a hazy altar of Hepliaklqana.
  4494 | D:4      | Reached skill level 1 in Dodging
  4494 | D:4      | Reached XP level 8. HP: 54/66 MP: 7/7
  4793 | D:5      | Entered Level 5 of the Dungeon
  4813 | D:5      | Found a basalt altar of Yredelemnul.
  4939 | D:3      | Bought a scroll of silence for 75 gold pieces
  4939 | D:3      | Bought a scroll of enchant armour for 75 gold pieces
  4992 | D:5      | Reached skill level 1 in Stealth
  5878 | D:5      | Reached skill level 7 in Polearms
  5898 | D:5      | Noticed Edmund
  5918 | D:5      | Killed Edmund
  6067 | D:6      | Found Sorghapyla's General Store.
  6177 | D:6      | Bought a scroll of magic mapping for 42 gold pieces
  6240 | D:6      | Reached XP level 9. HP: 65/72 MP: 8/8
  6290 | D:6      | Identified the +4 pair of gloves of Wonder {Rampage rF-
                  | rC+}
  6501 | D:6      | Found a burning altar of Makhleb.
  6680 | D:6      | Noticed Pikel
  6765 | D:5      | Killed Pikel
  6766 | D:5      | Reached skill level 5 in Fighting
  7062 | D:6      | Reached skill level 8 in Polearms
  7234 | D:6      | Found Zuysm's Assorted Antiques.
  7242 | D:6      | Bought a scroll labelled HAIXUCR ZU TOEMA for 27 gold
                  | pieces
  7272 | D:6      | Found a runed translucent door.
  7273 | D:6      | Noticed Crazy Yiuf
  7309 | D:6      | Found Geutz's Book Boutique.
  7344 | D:6      | Found Reraunn's Book Boutique.
  8571 | D:7      | Found a staircase to the Ecumenical Temple.
  8580 | Temple   | Entered the Ecumenical Temple
  8645 | Temple   | Became a worshipper of Ru the Awakened
  8711 | D:7      | Reached XP level 10. HP: 82/82 MP: 9/9
  9620 | D:8      | Reached skill level 5 in Armour
  9805 | D:8      | Noticed a five-headed hydra
 10034 | D:8      | Noticed Maurice
 10041 | D:8      | Killed Maurice
 10042 | D:8      | Reached skill level 1 in Axes
 10042 | D:8      | Noticed Harold
 10043 | D:8      | Paralysed by Harold for 4 turns
 10055 | D:8      | Paralysed by Harold for 7 turns
 10076 | D:7      | Killed from afar by Harold

Illustrated notes

Levels and vault maps discovered:
D:1:      zaba_arrival_water, layout_loops_ring
D:2:      layout_basic, chequers_ecumenical_altar_simple_redux
D:3:      layout_basic, serial_shops, shop, shop, shop, shop,
          nicolae_shop_trees, cheibrodos_sewer_entry_bend, uniq_natasha
D:4:      layout_basic, worldfamousw_hep_ancestral_shrine, tgw_kikubaaqudgha,
          nicolae_gozag_seed_capital, serial_shops,
          nicolae_shop_bloodbath_and_beyond
D:5:      layout_cave_pools, mainiacjoe_overflow_boulevard, uniq_edmund
D:6:      layout_loops_corners, mainiacjoe_overflow_surrounded_room,
          serial_shops, nicolae_inconvenience_store, nicolae_square_shop, shop,
          shop_fountains, chequers_serial_rivers_micro_a, minmay_statues_item,
          uniq_crazy_yiuf_cottage, uniq_pikel
D:7:      layout_layer_cave, minmay_temple_entry_stoned_glass, glass_columns_b
D:8:      layout_loops_ring, vehumet_altar_wand_db,
          nicolae_qazlal_scattered_showers, zin_angel, uniq_harold, uniq_maurice
Temple:   cyrus_circular_temple

Skill      XL: |  1  2  3  4  5  6  7  8  9 10 |
---------------+-------------------------------+-----
Polearms       | 2 3 5 6 7 8 |  8.5
Shields        | 3 4 5 6 |  6.5
Armour         | 3 4 5 |  5.1
Dodging        | 1 2 3 4 |  4.0
Stealth        | 2 4 |  4.9
Fighting       | 4 5 |  5.9
Axes           | 1 |  1.2

Action                   |  1- 3 |  4- 6 |  7- 9 | 10-12 || total
-------------------------+-------+-------+-------+-------++-------
Melee: Trident           |   105 |    35 |   319 |    59 ||   518
       Hand axe          |       |    81 |   240 |       ||   321
       War axe           |       |       |       |    12 ||    12
       Whip              |       |       |       |     6 ||     6
Throw: Dart              |       |       |     8 |       ||     8
       Throwing net      |       |       |     2 |       ||     2
Evoke: Wand              |       |       |       |     4 ||     4
  Use: Scroll            |     1 |       |     6 |     1 ||     8
       Potion            |       |     1 |     1 |     1 ||     3
 Stab: Invisible         |       |       |     2 |       ||     2
Armor: Scale mail        |    30 |    55 |   271 |    57 ||   413
Dodge: Dodged            |    18 |    59 |   194 |    40 ||   311
Block: Buckler           |    15 |    36 |    98 |    15 ||   164
